 Dungeon Crawl Stone Soup version 0.23-a0-677-g07611c5 (webtiles) character file.

3741 emperorscorpion the Grappler (level 9, -7/80 HPs)
             Began as a Troll Transmuter on Jan 9, 2019.
             Was a Priest of Cheibriados.
             Mangled by a five-headed hydra (17 damage)
             ... on level 7 of the Dungeon.
             The game lasted 00:11:48 (6176 turns).

emperorscorpion the Grappler (Troll Transmuter)     Turns: 6176, Time: 00:11:50

Health: -7/80      AC:  7    Str: 29    XL:     9   Next: 93%
Magic:  10/10      EV: 13    Int: 15    God:    Cheibriados [***...]
Gold:   642        SH:  0    Dex: 16    Spells: 11/11 levels left

rFire    + . .     SeeInvis +     - Unarmed
rCold    . . .     Gourm    +   (no shield)
rNeg     . . .     Faith    .   h - +2 robe {rF+}
rPois    .         Spirit   .   (helmet restricted)
rElec    .         Reflect  .   (no cloak)
rCorr    .         Harm     .   (gloves unavailable)
MR       .....                  (boots unavailable)
Stlth    ++........             (no amulet)
HPRegen  0.63/turn              j - ring of see invisible
MPRegen  0.12/turn              (no ring)

@: about to teleport, very slow
A: large, unfitting armour, claws 3, fast metabolism 3, gourmand, regeneration
1, shaggy fur 1, tough skin 2
a: Bend Time, Temporal Distortion, Renounce Religion


You were on level 7 of the Dungeon.
You worshipped Cheibriados.
Cheibriados was most pleased with you.
You were not hungry.

You visited 1 branch of the dungeon, and saw 7 of its levels.
You also visited: Ossuary.

You collected 642 gold pieces.

Inventory:

Hand Weapons
 n - the cursed +1 mace of Fate {flame, +Rage MR++ Stlth+}
   (You took it off an orc wizard on level 7 of the Dungeon)

   It has been specially enchanted to burn those struck by it, causing extra
   injury to most foes and up to half again as much damage against particularly
   susceptible opponents.
   It affects your resistance to hostile enchantments.
   It lets you go berserk.
   It makes you more stealthy.
   It has a curse placed upon it.
Missiles
 e - 142 stones
 g - 16 tomahawks (quivered)
 q - 3 throwing nets
 x - 3 tomahawks of returning
Armour
 b - a +0 robe
 h - a +2 robe of fire resistance (worn)
Magical Staves
 p - an uncursed staff of air
Jewellery
 c - an uncursed ring of stealth {unknown}
 j - a ring of see invisible (left claw)
Scrolls
 f - 8 scrolls of remove curse
 m - 4 scrolls of teleportation
 r - 2 scrolls of amnesia
 s - 4 scrolls of identify
 w - a scroll of vulnerability {unknown}
 y - 2 scrolls of immolation {unknown}
 C - a scroll of blinking
Potions
 a - a potion of lignification
 i - a potion of might
 k - 3 potions of brilliance
 l - 3 potions of heal wounds
 o - 4 potions of curing
 u - a potion of magic {unknown}
 v - 3 potions of invisibility {unknown}
 z - a potion of degeneration {unknown}
 A - a potion of agility {unknown}
 B - a potion of flight {unknown}
Comestibles
 d - 25 rations


   Skills:
 + Level 2.8 Fighting
 + Level 3.4 Throwing
 + Level 5.2 Dodging
 - Level 2.5 Stealth
 + Level 11.1 Unarmed Combat
 + Level 1.6 Spellcasting
   Level 1.5 Transmutations


You had 11 spell levels left.
You didn't know any spells.
Your spell library contained the following spells:

 Spells                   Type           Power        Failure   Level  Hunger
 Beastly Appendage        Tmut           #.....       12%         1    ##.....
 Sticks to Snakes         Tmut           #.......     19%         2    ###....
 Spider Form              Tmut/Pois      #.........   45%         3    ####...
 Ice Form                 Ice/Tmut       #.......     86%         4    #####..
 Blade Hands              Tmut           #.........   98%         5    ######.


Dungeon Overview and Level Annotations

Branches:
Dungeon (7/15)             Temple (0/1) D:5

Altars:
Cheibriados
Okawaru
Qazlal


Innate Abilities, Weirdness & Mutations

You are too large for most types of armour.
You have claws for hands.
Your metabolism is lightning-fast.
You like to eat raw meat.
Your natural rate of healing is unusually fast.
You are covered in fur. (AC +1)
You have very tough skin. (AC +2)


Message History

The crimson imp misses you.
You see here 2 arrows.
The centaur shoots an arrow.
The arrow hits you. The crimson imp closely misses you.
You see here an arrow.
The five-headed hydra bites you but does no damage. x2
The five-headed hydra misses you. The five-headed hydra bites you! x2
The crimson imp hits you.
The five-headed hydra completely misses you.
The five-headed hydra bites you.
The five-headed hydra barely misses you.
The five-headed hydra bites you! The five-headed hydra bites you.
As you read the scroll of teleportation, it crumbles to dust.
You feel strangely unstable. The crimson imp closely misses you.
The five-headed hydra bites you!
* * * LOW HITPOINT WARNING * * *
The five-headed hydra bites you!
* * * LOW HITPOINT WARNING * * *
The five-headed hydra bites you!
You die...

####....# ........#
....... ........#
...... ........# ....
........# ...
........# #.#
........#######.# #
................##.##
........###(.((5@Dc.#
........#
#.##...#..########
........#
#.##......##.....#
........#
#.####.##.##.###.#
######.## #....#...
##.#.#.# ######.#
####.##### #...#.#
.......## #.#
#######.#.#
.........#####.#
#.......#.#
.......).#.....#
#.#.#...#.#


You could see a five-headed hydra, a centaur and a crimson imp.

Vanquished Creatures
  Harold (D:7)
  Grinder (D:6)
  Eustachio (D:6)
  Sigmund (D:4)
  A hungry ghost (D:7)
  A water moccasin (D:6)
  An orc warrior (D:6)
  2 ogres
  2 centaurs
  A bullfrog (D:6)
  A gnoll sergeant (D:7)
  3 scorpions
  5 killer bees (D:7)
  4 wights (D:7)
  2 crimson imps
  A centaur zombie (D:6)
  2 jellies
  A bullfrog zombie (D:6)
  5 orc priests
  8 orc wizards
  3 iguanas
  5 worker ants
  A killer bee zombie (D:6)
  8 mummies (Ossuary)
  Robin (D:3)
  7 gnolls
  8 adders
  2 shadow imps
  An ooze (D:2)
  2 adder zombies (D:6)
  2 adder skeletons
  3 worms
  2 dart slugs
  4 leopard geckos
  27 orcs
  4 bats
  5 giant cockroaches
  A gnoll zombie (Ossuary)
  9 goblins
  16 hobgoblins
  6 jackals
  13 kobolds
  4 quokkas
  A ball python zombie (D:6)
  9 frilled lizards
  A hobgoblin zombie (Ossuary)
  3 kobold zombies (Ossuary)
  2 leopard gecko skeletons (D:6)
  A leopard gecko zombie (D:6)
  3 orc zombies (Ossuary)
  12 rats
210 creatures vanquished.

Notes
Turn   | Place    | Note
-------+----------+-------------------------------------------
     0 | D:1      | emperorscorpion the Troll Transmuter began the quest for
                  | the Orb.
     0 | D:1      | Reached XP level 1. HP: 18/18 MP: 1/1
   186 | D:1      | Reached XP level 2. HP: 26/26 MP: 3/3
   686 | D:2      | Reached XP level 3. HP: 32/32 MP: 4/4
   692 | D:2      | Reached skill level 1 in Fighting
   861 | D:2      | Reached XP level 4. HP: 28/41 MP: 5/5
  1413 | D:3      | Reached skill level 4 in Unarmed Combat
  1464 | D:3      | Reached XP level 5. HP: 18/48 MP: 6/6
  1585 | D:3      | Noticed Robin
  1613 | D:3      | Killed Robin
  1927 | D:3      | Reached skill level 5 in Unarmed Combat
  1955 | D:3      | Reached XP level 6. HP: 37/55 MP: 7/7
  2286 | D:4      | Reached skill level 1 in Stealth
  2317 | D:4      | Noticed Sigmund
  2329 | D:4      | Killed Sigmund
  2329 | D:4      | Reached skill level 6 in Unarmed Combat
  2329 | D:4      | Reached XP level 7. HP: 36/62 MP: 8/8
  2335 | D:4      | Found a sand-covered staircase.
  2339 | Ossuary  | Entered an ossuary
  2551 | Ossuary  | Reached skill level 1 in Throwing
  3120 | D:4      | Reached skill level 7 in Unarmed Combat
  3327 | D:4      | Found an iron altar of Okawaru.
  3397 | D:4      | Found a snail-covered altar of Cheibriados.
  3400 | D:4      | Became a worshipper of Cheibriados the Contemplative
  3462 | D:5      | Entered Level 5 of the Dungeon
  3557 | D:5      | Reached XP level 8. HP: 16/71 MP: 9/9
  3659 | D:5      | Found a staircase to the Ecumenical Temple.
  4228 | D:5      | Reached skill level 8 in Unarmed Combat
  4409 | D:6      | Reached * piety under Cheibriados
  4782 | D:6      | Reached skill level 9 in Unarmed Combat
  5024 | D:6      | Noticed Grinder
  5035 | D:6      | Paralysed by Grinder for 6 turns
  5043 | D:6      | Killed Grinder
  5095 | D:6      | Noticed Eustachio
  5105 | D:6      | Reached XP level 9. HP: 60/79 MP: 10/10
  5107 | D:6      | Killed Eustachio
  5159 | D:6      | Found a stormy altar of Qazlal.
  5307 | D:6      | You fall through a shaft!
  5325 | D:7      | Reached ** piety under Cheibriados
  5414 | D:7      | Reached skill level 10 in Unarmed Combat
  5430 | D:7      | Identified the cursed +1 mace of Fate {flame, +Rage MR++
                  | Stlth+}
  5669 | D:7      | Reached *** piety under Cheibriados
  5708 | D:7      | Noticed Harold
  5733 | D:7      | Killed Harold
  5733 | D:7      | Reached skill level 5 in Dodging
  5829 | D:7      | Reached skill level 11 in Unarmed Combat
  6173 | D:7      | Noticed a five-headed hydra
  6176 | D:7      | Mangled by a five-headed hydra

Vault maps used:
D:1:      scummos_arrival_star, chequers_serial_rivers_micro_e
D:2:      minmay_tripent
D:3:      uniq_robin
D:4:      kennysheep_mini_moat, enter_ossuary_5, kennysheep_donut,
          okawaru_gym_becter, uniq_sigmund
D:5:      minmay_temple_entry_trees, first_ration
D:6:      serial_undead, serial_undead_d, serial_undead_f, serial_undead_d,
          serial_undead_d, serial_undead_b, serial_undead_d,
          minmay_misc_feat_encased, grunt_qazlal_clouds, uniq_eustachio,
          uniq_grinder
D:7:      grunt_ogre_cave, uniq_harold
Ossuary:  ossuary_tomb_3

Skill      XL: |  1  2  3  4  5  6  7  8  9 |
---------------+----------------------------+-----
Fighting       | 1 2 |  2.8
Dodging        | 2 3 4 5 |  5.2
Unarmed Combat | 4 5 6 7 9 11 | 11.1
Stealth        | 1 2 |  2.5
Throwing       | 1 2 3 |  3.4
Spellcasting   | |  1.6
Transmutations | |  1.5

Action                   |  1- 3 |  4- 6 |  7- 9 || total
-------------------------+-------+-------+-------++-------
Melee: Unarmed           |    79 |   158 |   328 ||   565
       Punch             |     1 |     2 |    10 ||    13
Throw: Stone             |     4 |     7 |    14 ||    25
       Tomahawk          |       |       |    26 ||    26
  Use: Scroll            |       |       |    13 ||    13
       Potion            |       |       |     4 ||     4
 Stab: Distracted        |       |     1 |       ||     1
       Sleeping          |       |     3 |     2 ||     5
  Eat: Chunk             |    13 |    14 |    29 ||    56
Armor: Robe              |    20 |    40 |    82 ||   142
       Skin              |       |       |    14 ||    14
Dodge: Dodged            |    44 |    77 |   156 ||   277

Table legend:
 A = Non-vault XP
 B = Vault XP
 C = Vault XP percentage of total XP
 D = Non-vault monster count
 E = Vault monster count
 F = Vault count percentage of total count
                 A         B        C        D         E       F
            +---------+---------+-------+---------+---------+-------
      Total |    3175 |    2170 |  40.6 |     166 |      44 |  21.0
            +---------+---------+-------+---------+---------+-------
        D:1 |      26 |       0 |   0.0 |      15 |       0 |   0.0
        D:2 |      81 |      15 |  15.6 |      28 |       2 |   6.7
        D:3 |     286 |      34 |  10.6 |      38 |      11 |  22.4
        D:4 |     443 |     212 |  32.4 |      22 |       1 |   4.3
        D:5 |     490 |       0 |   0.0 |      17 |       0 |   0.0
        D:6 |     713 |     641 |  47.3 |      15 |      12 |  44.4
        D:7 |    1136 |    1115 |  49.5 |      31 |       2 |   6.1
    Ossuary |       0 |     153 | 100.0 |       0 |      16 | 100.0
            +---------+---------+-------+---------+---------+-------
